 Dungeon Crawl Stone Soup version 0.30.1-3-gfc49f6343a (webtiles) character file.

Game seed: 921878958066330311

51304 croobank the Spry (level 14, -33/73 HPs)
             Began as a Felid Summoner on Aug 7, 2023.
             Was an Initiate of Gozag.
             Annihilated by babooboo's ghost (73 damage)
             ... on level 4 of the Lair of Beasts on Aug 8, 2023.
             The game lasted 03:31:41 (42090 turns).

croobank the Spry (Felid Summoner)                 Turns: 42090, Time: 03:31:42

Health: -33/73     AC:  3    Str: 14    XL:     14   Next: 22%
Magic:  25/40      EV: 35    Int: 24    God:    Gozag
Gold:   1769       SH:  0    Dex: 21    Spells: 0/38 levels left
                                        Lives:  0   Deaths: 4

rFire   . . .        (weapon unavailable)
rCold   + + .        (shield unavailable)
rNeg    . . .        (body armour unavailable)
rPois   .            (helmet unavailable)
rElec   .            (cloak unavailable)
rCorr   .            (gloves unavailable)
SInv    +            (boots unavailable)
Will    ++...        q - amulet "Woazaz Viga" {rC+ Regen+ Str+4 Dex+4 SInv}
Stlth   +++          k - ring of wizardry
HPRegen 1.12/turn    S - ring "Bipp" {MP+9 Str+6}
MPRegen 0.27/turn

%: wizardry (x1)
@: lethally poisoned (-33 -> -40), quick
A: very small, claws 1, fangs 3, see invisible, speed 1, shaggy fur 3, stealthy
paws, no weapons or thrown items, no armour, multi-lived
a: Renounce Religion, Potion Petition, Call Merchant, Bribe Branch


You were on level 4 of the Lair of Beasts.
You worshipped Gozag.
Gozag was most pleased with you.
You visited 6 branches of the dungeon, and saw 25 of its levels.
You also visited: Bailey.

You collected 8899 gold pieces.
You spent 2408 gold pieces at shops.
You paid 4722 gold pieces to Gozag.

Inventory:

Jewellery
 e - a ring of positive energy
 k - a ring of wizardry (left paw)
 o - a ring of flight
 q - the amulet "Woazaz Viga" (around neck) {rC+ Regen+ Str+4 Dex+4 SInv}
   (You found it on level 7 of the Dungeon)

   [amulet of regeneration]

   Str:       It affects your strength (+4).
   Dex:       It affects your dexterity (+4).
   rC:        It protects you from cold.
   SInv:      It lets you see invisible.
   Regen:     It increases your rate of health regeneration.
 D - a ring of poison resistance
 H - a +6 ring of strength
 K - an amulet of reflection
 O - a ring of resist corrosion
 P - a ring of protection from fire
 S - the ring "Bipp" (right paw) {MP+9 Str+6}
   (You bought it in a shop on level 7 of the Dungeon)

   [ring of magical power]

   Str:       It affects your strength (+6).
   MP:        It affects your magic capacity (+9).
Wands
 a - a wand of mindburst (10)
 b - a wand of paralysis (11)
 n - a wand of flame (80)
 r - a wand of iceblast (19)
 u - a wand of light (12)
Scrolls
 f - 2 scrolls of torment
 g - 14 scrolls of identify
 i - 7 scrolls of teleportation
 w - 4 scrolls of vulnerability
 x - 7 scrolls of amnesia
 y - 2 scrolls of immolation
 A - 3 scrolls of poison
 B - 8 scrolls of blinking
 G - a scroll of fog
 R - a scroll of fear
 U - a scroll of magic mapping
Potions
 c - a potion of resistance
 d - 3 potions of flight
 h - 5 potions of haste
 j - 7 potions of curing
 l - 4 potions of cancellation
 m - 2 potions of might
 s - 5 potions of brilliance
 t - 4 potions of heal wounds
 v - 5 potions of mutation
 z - 2 potions of ambrosia
 I - 4 potions of lignification
 L - a potion of berserk rage
Miscellaneous
 C - a phantom mirror
 F - a box of beasts (inert)
 J - a phial of floods
 N - a condenser vane
 Q - a lightning rod (4/4)


   Skills:
 - Level 15.0 Fighting
 - Level 19.0 Dodging
 - Level 2.6 Stealth
 + Level 12.6 Spellcasting
 - Level 5.0 Hexes
 + Level 12.8 Summonings
 - Level 6.4 Necromancy
 - Level 7.0 Air Magic
 - Level 3.9 Evocations


You couldn't memorise any spells.
You knew the following spells:

 Your Spells              Type           Power      Damage    Failure   Level
a - Summon Small Mammal   Summ           100%       N/A       0%          1
b - Call Imp              Summ           100%       N/A       1%          2
c - Call Canine Familiar  Summ           67%        N/A       1%          3
d - Summon Guardian Gole  Hex/Summ       55%        N/A       1%          3
e - Summon Lightning Spi  Summ/Air       58%        N/A       1%          4
f - Dispel Undead         Necr           46%        3d18      1%          4
g - Inner Flame           Hex/Fire       27%        N/A       1%          3
h - Blink                 Tloc           30%        N/A       2%          2
i - Summon Horrible Thin  Summ           33%        N/A       45%         8
j - Freezing Cloud        Conj/Ice/Air   13%        6-21      16%         5
k - Mephitic Cloud        Conj/Pois/Air  26%        N/A       1%          3

Your spell library contained the following spells:

 Spells                   Type           Power      Damage    Failure   Level
 Freeze                   Ice            60%        1d7       1%          1
 Cigotuvi's Dreadful Rot  Necr/Pois/Air  72%        N/A       1%          2
 Poisonous Vapours        Pois/Air       64%        N/A       1%          2
 Lesser Beckoning         Tloc           30%        N/A       2%          2
 Momentum Strike          Conj/Tloc      30%        3d8       2%          2
 Frozen Ramparts          Ice            30%        1d5       4%          3
 Hailstorm                Conj/Ice       15%        3d5       4%          3
 Leda's Liquefaction      Hex/Erth       13%        N/A       6%          4
 Flame Wave               Conj/Fire      15%        2d7       16%         4
 Sticky Flame             Conj/Fire      15%        2d4       16%         4
 Death Channel            Necr           23%        N/A       17%         6
 Blade Hands              Tmut           7%         N/A       38%         5
 Lee's Rapid Deconstruct  Erth           7%         3d7*      38%         5
 Malign Gateway           Summ/Tloc      22%        N/A       65%         7
 Iron Shot                Conj/Erth      7%         9d2       91%         6
 Statue Form              Tmut/Erth      10%        N/A       91%         6
 Animate Armour           Summ/Erth      Unusable   N/A       N/A         4

Dungeon Overview and Level Annotations

Branches:
Dungeon (15/15)            Temple (1/1) D:5            Lair (5/5) D:11
  Swamp (1/4) Lair:3       Spider (1/4) Lair:3        Slime (0/5) Lair:5
    Orc (2/2) D:10            Elf (0/3) Orc:2        Vaults (0/5) D:14
 Depths (0/4) D:15         Bailey (visited)

Altars:
Ashenzari
Cheibriados
Dithmenos
Elyvilon
Fedhas
Gozag
Hepliaklqana
Kikubaaqudgha
Makhleb
Nemelex Xobeh
Okawaru
Qazlal
Ru
Sif Muna
Trog
Uskayaw
Vehumet
Wu Jian
Xom
Yredelemnul
Zin
The Shining One
Jiyva

Shops:
D:1 (   D:7 =   D:10 *   D:11 *   D:13 [[   Orc:2 :(***=::   Lair:4 :

Portals:
Trove: D:12 (give 13 scrolls of teleportation)

Annotations:
D:14 !singing long sword
Lair:4 babooboo's ghost, journeyman DrVM
Lair:5 4 runed translucent doors, Gadrel's ghost, journeyman DrCj


Innate Abilities, Weirdness & Mutations

You have sharp claws.
You have razor-sharp teeth.
You have supernaturally acute eyesight. (SInv)
You cover ground quickly. (Speed+)
Your thick and shaggy fur keeps you warm. (AC +3, rC+)
Your paws help you pounce on unaware monsters.
You are incapable of wielding weapons or throwing items.
You cannot wear armour.
You gain extra lives every three experience levels.


Message History

Your cerulean imp closely misses babooboo's ghost.
Your quokka closely misses babooboo's ghost.
You feel sick.
You are more poisoned.
Your bat dies!
Your bat's corpse disappears in a puff of smoke!
Babooboo's ghost hits your guardian golem but does no damage.
Your quokka misses babooboo's ghost.
Your cerulean imp misses babooboo's ghost.
What are your orders? t - Meow!
Orders for allies: a - Attack new target. r - Retreat! s - Stop attacking. g - Guard the area. f - Follow me.
Anything else - Cancel.
Gang up on whom?
Press: ? - help, Dir - move target, f - babooboo's ghost
Aim: babooboo's ghost, wielding a weapon of electrocution (lightly damaged, radiating toxic energy, ally target) Attack!
You feel sick.
You are more poisoned.
Your quokka dies!
Your quokka's corpse disappears in a puff of smoke!
Babooboo's ghost hits your guardian golem but does no damage.
Your cerulean imp hits babooboo's ghost but does no damage.
Unknown command.
You feel sick.
You are more poisoned.
Babooboo's ghost hits your guardian golem but does no damage.
You feel very sick.
You are more poisoned.
Your cerulean imp hits babooboo's ghost but does no damage.
Babooboo's ghost mumbles some strange words.
Babooboo's ghost emits a burst of electricity!
Your guardian golem is struck by an electric surge.
Your cerulean imp resists.
Your cerulean imp is struck by an electric surge!
Your warg is struck by an electric surge.
You are struck by an electric surge!!!!
Ouch! That really hurt!
You die...
Your body crumbles into a pile of gold.

##..##.............#
#.###....###...#.##
##.###...##⌠##...##### ######
#..##...##...##...#..#####.#..#
#......##..?..##......##P.#...#
.......#⌠.?♣...W5............##
.......##..!..##9..##....<....#
........##...##h..8##..#P#...##
.#.......##⌠##..@####..#######
..........###....## #.##
..#...#........(..###.###
.###.###...........###[.#
.##..####........####.#.###
P###...P#.....#### ####..# ##
#.......#### ##.#### ##......##
##...# #.#....## #..##


You could see babooboo's ghost (toxic aura, ally target), a friendly guardian
golem (summoned), a friendly warg (summoned, sheltered), a friendly lightning
spire (summoned, sheltered) and a friendly cerulean imp (summoned, sheltered).

Vanquished Creatures
  Nessos (Lair:3)
  Josephine (Orc:1)
  A two-headed ogre (Orc:1)
  2 death yaks (Lair:5)
  An ugly thing (D:15)
  An elephant (Lair:5)
  2 freezing wraiths (D:15)
  A troll (Orc:1)
  A hornet (D:9)
  A tarantella (Lair:3)
  A blink frog (Lair:5)
  5 wraiths (Orc:1)
  8 yaks (Lair:5)
  A warg (Orc:1)
  A swamp worm (Swamp:1)
  2 orc warriors (Orc:1)
  3 ogres
  A bullfrog (Lair:4)
  An electric eel (D:12)
  An orc priest (Orc:1)
  An iguana (D:5)
  3 orc wizards (Orc:1)
  An ufetubus (D:6)
  5 orcs
  2 ball pythons
  A goblin (D:3)
  2 hobgoblins
  A quokka (D:5)
  5 bats
  2 frilled lizards
  2 kobolds
  A rat (D:3)
62 creatures vanquished.

Vanquished Creatures (collateral kills)
  Jorgrun (D:13)
  2 eleionomae
  A minotaur (Lair:4)
  Snorg (Lair:3)
  5 ogre magi
  A hydra (D:15)
  3 boulder beetles
  2 dancing weapons (D:14)
  17 two-headed ogres
  4 catoblepae
  5 death yaks
  A death knight (D:15)
  An alligator (Swamp:1)
  Amaemon (Lair:1)
  A skyshark (Lair:5)
  A pharaoh ant (Lair:3)
  3 skeletal warriors (D:15)
  A goliath frog (Swamp:1)
  A lindwurm (Lair:5)
  A spriggan druid (Swamp:1)
  2 orc knights
  A deep elf pyromancer (D:13)
  4 ugly things
  2 orc sorcerers
  2 wolf spiders (Lair:3)
  4 manticores
  4 cyclopes
  3 black mambas
  A water nymph (shapeshifter) (D:13)
  A demonic crawler (Lair:3)
  6 elephants (Lair:5)
  A gargoyle (D:11)
  An orange demon (Lair:1)
  2 torpor snails (Lair:3)
  2 unseen horrors
  5 komodo dragons
  10 cane toads
  2 rime drakes
  A tengu conjurer (D:15)
  4 trolls
  2 meliai (D:14)
  2 polar bears
  A tyrant leech (Swamp:1)
  A polar bear (shapeshifter) (D:15)
  17 blink frogs
  A hornet (D:9)
  A jumping spider (Lair:3)
  25 slime creatures
  A culicivora (Lair:3)
  A shadow (D:9)
  Sigmund (D:3)
  3 wyverns
  3 wraiths
  41 yaks
  7 basilisks
  4 redbacks
  3 steam dragons
  8 vampire mosquitoes
  3 acid dragons
  6 water moccasins
  18 orc warriors
  A black bear (D:5)
  2 ice beasts (D:8)
  21 ogres
  7 centaurs
  3 wolves
  A phantom (D:4)
  3 lemures (D:8)
  4 kobold brigands
  9 bullfrogs
  An earth elemental (D:11)
  A gnoll sergeant (D:9)
  2 scorpions
  8 wights
  A killer bee (D:9)
  5 howler monkeys
  A crimson imp (D:6)
  4 jellies
  9 orc priests
  5 hounds
  2 sleepcaps
  5 iguanas
  16 orc wizards
  A centaur simulacrum (D:8)
  A killer bee simulacrum (D:8)
  8 gnolls
  10 adders
  6 shadow imps
  4 white imps
  2 ufetubi
  2 worms (D:3)
  2 dart slugs
  69 orcs
  3 bats
  5 endoplasms
  3 giant cockroaches
  9 hobgoblins
  7 jackals
  9 kobolds
  2 quokkas
  3 ball pythons
  4 frilled lizards
  11 goblins
  3 rats
  2 butterflies (Lair:1)
537 creatures vanquished.

Vanquished Creatures (others)
  Fannar (Lair:3)
  A hydra (Lair:5)
  5 two-headed ogres
  A catoblepas (Lair:5)
  A centaur warrior (D:14)
  A tengu warrior (D:15)
  2 death yaks (Lair:5)
  Urug (Lair:4)
  Nergalle (Lair:3)
  2 skysharks
  3 skeletal warriors (D:15)
  Pikel (D:8)
  2 ugly things
  2 wolf spiders
  3 demonic crawlers (Lair:3)
  A guardian serpent (D:14)
  8 elephants
  2 cane toads
  A black mamba (Lair:4)
  2 gargoyles
  A torpor snail (Lair:5)
  A rime drake (Lair:5)
  6 komodo dragons
  A troll (D:9)
  A meliai (D:14)
  4 hornets
  A polar bear (Lair:2)
  3 blink frogs (Lair:5)
  7 slime creatures
  A culicivora (Lair:3)
  2 basilisks (D:11)
  21 yaks
  A wyvern (Lair:5)
  2 redbacks (Lair:3)
  3 vampire mosquitoes
  2 wargs (Orc:1)
  4 water moccasins
  6 orc warriors
  An ogre (Orc:2)
  A phantom (D:5)
  Blork the orc (D:5)
  A gnoll sergeant (D:8)
  A bullfrog (D:9)
  9 wights
  An orc priest (D:10)
  A gnoll bouda (D:9)
  4 orc wizards
  Ijyb (D:4)
  2 gnolls (D:9)
  An adder (D:5)
  A howler monkey simulacrum (D:8)
  10 orcs
  A kobold (D:8)
144 creatures vanquished.

Grand Total: 743 creatures vanquished

Notes
Turn   | Place    | Note
-------+----------+-------------------------------------------
     0 | D:1      | croobank the Felid Summoner began the quest for the Orb.
     0 | D:1      | Reached XP level 1. HP: 7/7 MP: 4/4
    61 | D:1      | Found a faded altar of an unknown god.
   278 | D:1      | Reached skill level 3 in Dodging
   278 | D:1      | Reached XP level 2. HP: 12/12 MP: 6/6
   283 | D:1      | Learned a level 2 spell: Call Imp
   314 | D:1      | Found Hexum's Antique Weapon Emporium.
   648 | D:2      | Reached skill level 1 in Fighting
   806 | D:2      | Reached XP level 3. HP: 15/15 MP: 7/7
   818 | D:2      | Learned a level 3 spell: Call Canine Familiar
  1360 | D:2      | Reached XP level 4. HP: 19/19 MP: 4/8
  1893 | D:3      | Reached skill level 4 in Dodging
  1953 | D:3      | Noticed Sigmund
  1993 | D:3      | Killed Sigmund
  1994 | D:3      | Reached skill level 5 in Summonings
  1994 | D:3      | Reached XP level 5. HP: 24/24 MP: 2/11
  1994 | D:3      | Gained mutation: You are covered in thick fur. (AC +2)
                  | [Felid growth]
  1994 | D:3      | Reached XP level 6. HP: 27/27 MP: 2/12
  2900 | D:4      | Learned a level 3 spell: Summon Guardian Golem
  2950 | D:4      | You fall into a shaft and drop 3 floors!
  2985 | D:6      | Reached skill level 5 in Dodging
  3009 | D:6      | Reached skill level 1 in Hexes
  3067 | D:5      | Entered Level 5 of the Dungeon
  3067 | D:5      | Noticed Blork the orc
  3406 | D:4      | Noticed Ijyb
  3432 | D:4      | Killed Ijyb
  3433 | D:4      | Reached XP level 7. HP: 19/31 MP: 6/13
  3894 | D:4      | Found a transporter.
  3929 | D:4      | Found a transporter.
  4504 | D:5      | Learned a level 4 spell: Summon Lightning Spire
  4749 | D:5      | Found a staircase to the Ecumenical Temple.
  4758 | Temple   | Entered the Ecumenical Temple
  5038 | D:5      | Reached skill level 6 in Dodging
  5209 | D:5      | Found a bloodstained altar of Trog.
  5212 | D:5      | Found a burning altar of Makhleb.
  5213 | D:5      | Found an ornate altar of the Wu Jian Council.
  5213 | D:5      | Found an opulent altar of Gozag.
  5213 | D:5      | Found a hazy altar of Hepliaklqana.
  5213 | D:5      | Found a shimmering altar of Xom.
  5214 | D:5      | Found a hide-covered altar of Uskayaw.
  5215 | D:5      | Found a shimmering blue altar of Sif Muna.
  5216 | D:5      | Found a glowing golden altar of the Shining One.
  5217 | D:5      | Found a shadowy altar of Dithmenos.
  5218 | D:5      | Found a sacrificial altar of Ru.
  5221 | D:5      | Became a worshipper of Gozag Ym Sagoz the Greedy
  5256 | D:5      | Killed Blork the orc
  5531 | D:5      | Reached skill level 1 in Air Magic
  5531 | D:5      | Reached XP level 8. HP: 36/36 MP: 8/15
  6839 | D:6      | Reached skill level 5 in Hexes
  7082 | D:6      | Reached skill level 7 in Dodging
  7315 | D:6      | Shot with an arrow by a centaur
  7316 | D:6      | Reached XP level 7. HP: 0/33 MP: 1/15
  7516 | D:6      | Reached skill level 5 in Spellcasting
  7798 | D:6      | Reached XP level 8. HP: 14/36 MP: 9/16
  8180 | D:7      | Noticed a two-headed ogre
  8194 | D:7      | Killed a two-headed ogre
  8195 | D:7      | Reached skill level 5 in Fighting
  8203 | D:7      | Noticed a gargoyle
  8220 | D:7      | Noticed a hornet
  8236 | D:7      | Mangled by a gargoyle
  8237 | D:7      | Reached XP level 7. HP: -10/33 MP: 2/16
  8493 | D:7      | Killed a hornet
  8494 | D:7      | Reached XP level 8. HP: 7/37 MP: 1/17
  8646 | D:7      | Found the +6 shillelagh "Devastator" {shatter}
  8785 | D:7      | Identified the amulet "Woazaz Viga" {rC+ Regen+ Str+4 Dex+4
                  | SInv}
  9061 | D:7      | Reached skill level 8 in Dodging
  9061 | D:7      | Reached skill level 5 in Air Magic
  9210 | D:7      | Killed a gargoyle
  9345 | D:7      | Found Zocveude's Jewellery Shoppe.
  9453 | D:7      | Noticed a hornet
  9461 | D:7      | Killed a hornet
  9462 | D:7      | Reached XP level 9. HP: 41/41 MP: 12/18
  9722 | D:8      | Noticed Pikel
  9744 | D:8      | Killed Pikel
  9920 | D:8      | Found the +7 captain's cutlass {speed, disarm}
 10046 | D:8      | Noticed a two-headed ogre
 10057 | D:8      | Killed a two-headed ogre
 10058 | D:8      | Reached skill level 9 in Dodging
 10259 | D:8      | Reached XP level 10. HP: 39/46 MP: 4/20
 11825 | D:9      | Learned a level 4 spell: Dispel Undead
 12247 | D:9      | Reached skill level 1 in Necromancy
 12445 | D:9      | Noticed a green ugly thing
 12462 | D:9      | Killed a green ugly thing
 12463 | D:9      | Reached skill level 10 in Dodging
 12581 | D:9      | Noticed a boulder beetle
 12593 | D:9      | Killed a boulder beetle
 12647 | D:9      | Reached XP level 11. HP: 50/50 MP: 18/22
 12654 | D:9      | Noticed a two-headed ogre
 12666 | D:9      | Killed a two-headed ogre
 13074 | D:9      | Noticed a two-headed ogre
 13090 | D:9      | Killed a two-headed ogre
 13358 | D:9      | Noticed a two-headed ogre
 13375 | D:9      | Killed a two-headed ogre
 13645 | D:9      | Reached skill level 11 in Dodging
 14152 | D:10     | Entered Level 10 of the Dungeon
 14389 | D:10     | Noticed a two-headed ogre
 14403 | D:10     | Killed a two-headed ogre
 14722 | D:10     | Found a flagged portal.
 14782 | D:10     | Found a staircase to the Orcish Mines.
 14858 | Bailey   | Entered a bailey
 14863 | Bailey   | Learned a level 3 spell: Inner Flame
 15281 | Bailey   | Identified the +4 chain mail "Zuuk" {rPois rC++ rCorr}
 15661 | D:10     | Noticed a two-headed ogre
 15672 | D:10     | Killed a two-headed ogre
 15735 | D:10     | Identified the +1 leather armour "Cezop" {rC- Str+4 Int+3}
 15823 | D:10     | Found Dicoac's Fire Supplies.
 15829 | D:10     | Bought a scroll of immolation for 56 gold pieces
 15829 | D:10     | Bought a wand of flame (13) for 127 gold pieces
 16250 | D:11     | Noticed a boulder beetle
 16295 | D:11     | Found Pyereum's Pet Rocks.
 16302 | D:11     | Reached skill level 5 in Necromancy
 16573 | D:11     | Gained mutation: Your thick and shaggy fur keeps you warm.
                  | (AC +3, rC+) [Felid growth]
 16573 | D:11     | Reached XP level 12. HP: 56/56 MP: 21/25
 16633 | D:11     | Found a staircase to the Lair.
 16866 | D:11     | Noticed a two-headed ogre
 16880 | D:11     | Killed a two-headed ogre
 17040 | D:11     | Killed a boulder beetle
 17041 | D:11     | Reached skill level 12 in Dodging
 17041 | D:11     | Reached skill level 10 in Summonings
 17199 | D:12     | Found a portal to a secret trove of treasure.
 17287 | Lair:1   | Entered Level 1 of the Lair of Beasts
 18163 | Lair:1   | Noticed Amaemon
 18193 | Lair:1   | Killed Amaemon
 18194 | Lair:1   | Reached skill level 10 in Fighting
 18194 | Lair:1   | Reached skill level 13 in Dodging
 19775 | Lair:2   | Noticed a catoblepas
 19823 | Lair:2   | Killed a catoblepas
 20434 | Lair:3   | Noticed Nessos
 20497 | Lair:2   | Reached XP level 13. HP: 61/61 MP: 16/27
 20847 | Lair:3   | Noticed Fannar
 20866 | Lair:3   | Killed Fannar
 20957 | Lair:3   | Found a staircase to the Swamp.
 20961 | Lair:3   | Found a hole to the Spider Nest.
 21270 | Lair:3   | Noticed Nergalle
 21280 | Lair:3   | Noticed Snorg
 21336 | Lair:3   | Killed Nergalle
 21357 | Lair:3   | Killed Snorg
 21649 | Lair:3   | Reached skill level 10 in Spellcasting
 22373 | Lair:4   | Found a runed translucent door.
 22376 | Lair:4   | Noticed babooboo's ghost (journeyman DrVM)
 22393 | Lair:4   | Noticed Urug
 22405 | Lair:4   | Reached skill level 14 in Dodging
 22429 | Lair:4   | Killed Urug
 23808 | Lair:4   | Found a runed translucent door.
 23872 | Lair:4   | Noticed a minotaur
 23910 | Lair:4   | Killed a minotaur
 24345 | Lair:5   | Entered Level 5 of the Lair of Beasts
 25892 | Lair:5   | Found a runed translucent door.
 25892 | Lair:5   | Found a viscous altar of Jiyva.
 25892 | Lair:5   | Noticed an acid blob
 25893 | Lair:5   | Found a staircase to the Slime Pits.
 25920 | Lair:5   | Reached skill level 15 in Dodging
 25920 | Lair:5   | Reached XP level 14. HP: 39/67 MP: 5/29
 27149 | Lair:5   | Found a runed translucent gate.
 27149 | Lair:5   | Found a runed translucent gate.
 27150 | Lair:5   | Found a runed translucent gate.
 27153 | Lair:5   | Noticed Gadrel's ghost (journeyman DrCj)
 27947 | Lair:5   | Reached skill level 16 in Dodging
 29337 | Lair:3   | Killed Nessos
 29607 | Orc:1    | Entered Level 1 of the Orcish Mines
 29683 | Orc:1    | Noticed Josephine
 29696 | Orc:1    | Killed Josephine
 30049 | Orc:1    | You fall into a shaft and drop 1 floor!
 30049 | Orc:2    | Entered Level 2 of the Orcish Mines
 31175 | D:12     | Reached skill level 17 in Dodging
 31765 | D:13     | Found Cetal's Armour Shop.
 31836 | D:13     | Reached XP level 15. HP: 74/74 MP: 22/32
 32622 | D:13     | Noticed Jorgrun
 32645 | D:13     | Killed Jorgrun
 32996 | D:13     | Found Aledd's Armour Shoppe.
 33810 | Orc:2    | Found a staircase to the Elven Halls.
 34262 | Orc:2    | Reached skill level 18 in Dodging
 35075 | Orc:2    | Found Naxif's Book Shop.
 35075 | Orc:2    | Found Kadaw's General Store.
 35086 | Orc:2    | Found Odukiast's Weapon Shoppe.
 35086 | Orc:2    | Found Ala Isch's Jewellery Boutique.
 35094 | Orc:2    | Bought a lightning rod (4/4) for 510 gold pieces
 35094 | Orc:2    | Bought a scroll of fear for 68 gold pieces
 35514 | Orc:2    | Bought a book of Spatial Translocations for 252 gold pieces
 35514 | Orc:2    | Bought a Grand Grimoire for 476 gold pieces
 35517 | Orc:2    | Learned a level 2 spell: Blink
 35526 | Orc:2    | Learned a level 8 spell: Summon Horrible Things
 35667 | D:14     | Reached skill level 1 in Evocations
 35966 | D:7      | Bought the ring "Bipp" {MP+9 Str+6} for 633 gold pieces
 36200 | D:15     | Entered Level 15 of the Dungeon
 36414 | D:14     | Found a gate to the Vaults.
 37986 | D:15     | Found a sacrificial altar of Ru.
 38762 | D:15     | Identified the +1 ring mail of Etolegy {Rampage +Blink
                  | rPois rC-}
 39310 | D:15     | Found a staircase to the Depths.
 39616 | Spider:1 | Entered Level 1 of the Spider Nest
 39794 | Lair:3   | Killed by an exploding themself... ignited by their inner
                  | flame
 39795 | Lair:3   | Reached XP level 14. HP: -6/72 MP: 37/40
 39841 | Lair:3   | Reached skill level 19 in Dodging
 39927 | Lair:3   | Reached XP level 15. HP: 58/76 MP: 13/32
 40394 | Lair:4   | Bought a book of Vapours for 286 gold pieces
 40400 | Lair:4   | Learned a level 5 spell: Freezing Cloud
 40404 | Lair:4   | Learned a level 3 spell: Mephitic Cloud
 40636 | Lair:3   | Mangled by a demonic crawler
 40637 | Lair:3   | Reached XP level 14. HP: -9/72 MP: 39/40
 40972 | Swamp:1  | Entered Level 1 of the Swamp
 40986 | Swamp:1  | Reached skill level 15 in Fighting
 42090 | Lair:4   | Annihilated by babooboo's ghost

Illustrated notes

Levels and vault maps discovered:
D:1:      scummos_arrival_checkerplants, layout_rooms,
          hellmonk_ecumenical_altar_lost_god, serial_shops, shop
D:2:      layout_loops_ring
D:3:      cheibrodos_greedy_goblins, layout_loops_ring,
          amcnicky_mini_rare_corridor_liquid, st_stairs_10,
          nicolae_figureground_pulse, uniq_sigmund
D:4:      gammafunk_wand_slinger, layout_loops_ring, uniq_ijyb
D:5:      layout_basic, minitemple, minmay_temple_entry_antechambers,
          st_stairs_4, uniq_blork_the_orc
D:6:      layout_gridville, minmay_fire_ice_demons
D:7:      cheibrodos_steamvent, layout_basic, serial_shops, shop,
          corner_web_ring, dilly_guarded_unrand_devastator
D:8:      layout_gridville, serial_ice, serial_ice_b, serial_ice_k,
          serial_ice_o, serial_ice_n, kennysheep_diamond, minmay_bent,
          uniq_pikel
D:9:      minmay_razor_zed, layout_long_grid, minmay_radiant
D:10:     layout_cave_pods, orc_0_dummy, enter_bailey_8, nicolae_shop_fire_sale
          [nicolae_sub_dead_trees]
D:11:     layout_roguey, dpeg_oklobed_lair, guppyfry_shop_earth
D:12:     layout_irregular_city, enter_trove_6, minmay_misc_feat_chi,
          eino_tiny_chamber, nrook_pool_corridor
D:13:     layout_stronghold, serial_shops, kennysheep_mini_moat,
          nicolae_shop_mannequins, uniq_jorgrun
D:14:     layout_cave_pods, erik_vaults_1, nicolae_integral_box,
          nrook_guardian_serpent_ordinary
D:15:     gammafunk_enter_depths_forms, layout_cave_pools,
          nicolae_ru_sacrificial_ziggurat, roderic_serpentine_path
Temple:   minmay_temple_curvy_loop
Lair:1:   layout_gridlike, lemuel_fruit_fields, uniq_amaemon
Lair:2:   layout_concentric_octagons, beast_lair_carwin_6, grunt_megastairs_5
Lair:3:   layout_hall_layers, swamp_mist_pool,
          nicolae_spider_entry_lesser_pyramids, chequers_serial_rivers_small_b,
          infiniplex_staircase_pool_2, uniq_nessos, uniq_snorg, uniq_fannar,
          uniq_nergalle
Lair:4:   dreamdust_labyrinth, layout_layer_cave,
          hellmonk_ghost_happy_afterlife, uniq_urug
Lair:5:   evilmike_catoblepas_cave, layout_layer_cave, slime_entry_2,
          gammafunk_ghost_hydra_chop
Swamp:1:  layout_falls_marsh, evilmike_swamp_ruin_house_5
Spider:1: layout_spider_delve
Orc:1:    layout_diamond_mine, basic_altar, uniq_josephine
Orc:2:    st_orc_ogre_mass, layout_caves

Skill      XL: |  1  2  3  4  5  6  7  8  9 10 11 12 13 14 15 |
---------------+----------------------------------------------+-----
Dodging        | 3 4 5 6 8 9 10 11 13 15 19 18 | 19.0
Fighting       | 1 2 3 4 6 7 8 10 11 15 14 | 15.0
Spellcasting   | 3 5 6 7 8 9 10 12 | 12.6
Summonings     | 5 7 6 8 9 10 11 12 | 12.8
Hexes          | 2 3 5 |  5.0
Air Magic      | 3 5 6 7 |  7.0
Necromancy     | 2 5 6 |  6.4
Evocations     | 3 |  3.9
Stealth        | |  2.6

Action                     |  1- 3 |  4- 6 |  7- 9 | 10-12 | 13-15 || total
---------------------------+-------+-------+-------+-------+-------++-------
  Melee: Unarmed           |    16 |    64 |    32 |    45 |    99 ||   256
         Bite              |     2 |    15 |     5 |     5 |    21 ||    48
         Punch             |       |     1 |       |       |     2 ||     3
   Cast: Summon Small Mamm |    30 |    28 |    44 |    34 |    77 ||   213
         Call Imp          |     9 |    17 |    28 |    33 |    57 ||   144
         Call Canine Famil |     2 |    17 |    49 |    62 |   158 ||   288
         Summon Guardian G |       |     3 |    30 |    70 |   164 ||   267
         Summon Lightning  |       |       |    27 |    91 |   203 ||   321
         Inner Flame       |       |       |       |     1 |    27 ||    28
         Blink             |       |       |       |       |     5 ||     5
         Mephitic Cloud    |       |       |       |       |     4 ||     4
         Freezing Cloud    |       |       |       |       |     3 ||     3
         Dispel Undead     |       |       |       |       |     1 ||     1
         Summon Horrible T |       |       |       |       |     1 ||     1
 Invoke: Potion Petition   |       |       |     1 |       |       ||     1
         Call Merchant     |       |       |       |       |     5 ||     5
  Evoke: Wand              |       |       |     7 |     3 |    21 ||    31
         Phantom mirror    |       |       |       |     1 |     1 ||     2
         Phial of floods   |       |       |       |       |     1 ||     1
         Box of beasts     |       |       |       |       |     1 ||     1
         Condenser vane    |       |       |       |       |     1 ||     1
    Use: Potion            |       |     1 |     2 |     2 |    14 ||    19
         Scroll            |       |     1 |    23 |     4 |    11 ||    39
   Stab: Sleeping          |     2 |     6 |     4 |       |     1 ||    13
         Distracted        |       |       |     1 |       |     3 ||     4
         Invisible         |       |       |     1 |       |     1 ||     2
         Petrified         |       |       |       |     1 |       ||     1
         Betrayed ally     |       |       |       |     1 |       ||     1
         Paralysed         |       |       |       |       |     3 ||     3
         Confused          |       |       |       |       |     1 ||     1
 Armour: Skin              |     2 |    13 |     3 |     4 |    21 ||    43
  Dodge: Dodged            |    14 |    84 |    85 |   128 |   565 ||   876
  Block: Other             |       |       |       |       |    23 ||    23
         Reflection        |       |       |       |       |     4 ||     4
